General information
- name: BNet
- type: Ladder team game (AT/RT)
- host: Battle.net
- saver: dogsandhorse.ru
map: SilverpineForest
- players: 6
- length: 44:21
- speed: Fast
- version: 1.26 W3XP
- replay type:

» download(331 KB)
Players
team 1 (loser)

»
koe.earth (
yellow | 44 APM | 1935 actions | 44:17)
4 Dreadlord
2 Sleep
2 Vampiric Aura
2 Death Knight
1 Death Coil
1 Unholy Aura
1 Lich
1 Frost Nova
» actions
| Assign group hotkey | 30 | |
| Basic commands | 189 | |
| Build / train | 71 | |
| ESC pressed | 2 | |
| Enter build submenu | 20 | |
| Enter hero's abilities submenu | 7 | |
| Give item / drop item | 1 | |
| Right click | 488 | |
| Select / deselect | 383 | |
| Select group hotkey | 691 | |
| Use ability | 53 | |
1935 total
» units
| Acolyte | 9 | |
| Ghoul | 5 | |
| Crypt Fiend | 11 | |
| Obsidian Statue | 2 | |
| Meatwagon | 8 | |
| Frost Wyrm | 7 | |
42 total
» upgrades
| Creature Attack | 3 | |
| Creature Carapace | 3 | |
| Web | 1 | |
| Disease Cloud | 1 | |
| Freezing Breath | 1 | |
9 total
» buildings
| Crypt | 1 | |
| Altar of Darkness | 1 | |
| Ziggurat | 11 | |
| Graveyard | 1 | |
| Tomb of Relics | 1 | |
| Halls of the Dead | 1 | |
| Slaughterhouse | 1 | |
| Sacrificial Pit | 1 | |
| Black Citadel | 1 | |
| Spirit Tower | 4 | |
| Boneyard | 1 | |
24 total
» build order
00:16 Crypt
00:24 Altar of Darkness
00:37 Ziggurat
01:02 Graveyard
01:19 Tomb of Relics
01:44 Ziggurat
02:15 Ziggurat
04:04 Ziggurat
05:43 Halls of the Dead
09:57 Slaughterhouse
10:15 Sacrificial Pit
12:39 Ziggurat
12:46 Ziggurat
13:07 Black Citadel
14:17 Ziggurat
15:51 Ziggurat
15:53 Ziggurat
15:54 Ziggurat
15:56 Ziggurat
17:15 Spirit Tower
17:17 Spirit Tower
17:18 Spirit Tower
17:21 Spirit Tower
18:24 Boneyard
» items
| Sacrificial Skull | 1 | |
| Potion of Healing | 1 | |
| Dust of Appearance | 1 | |
| Periapt of Vitality | 1 | |
4 total
koefire (
blue | 44 APM | 1941 actions | 44:07)
5 Archmage
3 Summon Water Elemental
2 Brilliance Aura
4 Blood Mage
2 Flame Strike
2 Siphon Mana
» actions
| Assign group hotkey | 101 | |
| Basic commands | 51 | |
| Build / train | 134 | |
| Enter build submenu | 16 | |
| Enter hero's abilities submenu | 9 | |
| Right click | 883 | |
| Select / deselect | 301 | |
| Select group hotkey | 307 | |
| Use ability | 139 | |
1941 total
» units
| Peasant | 14 | |
| Footman | 6 | |
| Rifleman | 3 | |
| Knight | 8 | |
| Gryphon Rider | 3 | |
| Siege Engine | 6 | |
| Dragonhawk Rider | 65 | |
105 total
» upgrades
| Masonry | 1 | |
| Long Rifles | 1 | |
| Swords | 2 | |
| Armor | 3 | |
| Storm Hammers | 1 | |
| Animal War Training | 1 | |
| Lumber Harvesting | 1 | |
| Barrage | 1 | |
| Gunpowder | 2 | |
| Plating | 2 | |
| Cloud | 1 | |
16 total
» buildings
| Farm | 15 | |
| Altar of Kings | 1 | |
| Barracks | 1 | |
| Lumber Mill | 1 | |
| Blacksmith | 1 | |
| Keep | 1 | |
| Castle | 1 | |
| Gryphon Aviary | 2 | |
| Workshop | 1 | |
| Town Hall | 1 | |
| Arcane Sanctum | 1 | |
| Arcane Vault | 1 | |
27 total
» build order
00:13 Farm
00:17 Altar of Kings
00:27 Barracks
01:24 Farm
01:25 Farm
01:45 Lumber Mill
03:01 Blacksmith
03:58 Keep
04:18 Farm
04:22 Farm
04:24 Farm
06:19 Castle
06:25 Gryphon Aviary
08:04 Farm
08:07 Farm
08:09 Farm
08:11 Farm
08:13 Farm
11:17 Workshop
11:27 Farm
11:28 Farm
11:30 Farm
13:17 Farm
13:39 Town Hall
14:49 Arcane Sanctum
17:02 Arcane Vault
23:11 Gryphon Aviary

»
taese (
green | 82 APM | 3602 actions | 43:48)
6 Far Seer
2 Feral Spirit
3 Chain Lighting
1 Earth Quake
5 Shadow Hunter
3 Healing Wave
2 Hex
4 Tauren Chieftain
2 Endurance Aura
2 War Stomp
» actions
| Assign group hotkey | 54 | |
| Basic commands | 323 | |
| Build / train | 85 | |
| Enter build submenu | 40 | |
| Enter hero's abilities submenu | 18 | |
| Give item / drop item | 4 | |
| Remove unit from queue | 6 | |
| Right click | 1111 | |
| Select / deselect | 482 | |
| Select group hotkey | 1244 | |
| Use ability | 235 | |
3602 total
» units
| Peon | 9 | |
| Grunt | 7 | |
| Troll Witch Doctor | 10 | |
| Goblin Shredder | 1 | |
| Shaman | 1 | |
| Troll Batrider | 3 | |
| Wind Rider | 1 | |
| Raider | 7 | |
39 total
» upgrades
| Witch Doctor Training | 2 | |
| Spirit Walker Training | 2 | |
| Ranged Weapons | 3 | |
| Spiked Barricades | 3 | |
| Reinforced Defenses | 1 | |
| Liquid Fire | 1 | |
| Armor | 2 | |
| Shaman Training | 2 | |
| Melee Weapons | 2 | |
| Envenomed Spears | 1 | |
| Ensnare | 1 | |
20 total
» buildings
| Orc Burrow | 8 | |
| Barracks | 1 | |
| Altar of Storms | 1 | |
| Voodoo Lounge | 1 | |
| Stronghold | 1 | |
| War Mill | 1 | |
| Fortress | 1 | |
| Spirit Lodge | 2 | |
| Beastiary | 1 | |
| Great Hall | 4 | |
| Watch Tower | 20 | |
41 total
» build order
00:20 Orc Burrow
00:42 Barracks
00:51 Altar of Storms
01:20 Orc Burrow
01:56 Voodoo Lounge
03:06 Stronghold
04:06 War Mill
05:10 Orc Burrow
05:27 Fortress
05:32 Spirit Lodge
05:36 Spirit Lodge
07:05 Orc Burrow
07:54 Orc Burrow
09:26 Orc Burrow
09:28 Orc Burrow
10:04 Beastiary
10:10 Great Hall
10:45 Watch Tower
10:59 Watch Tower
11:25 Watch Tower
12:04 Watch Tower
12:24 Watch Tower
12:37 Orc Burrow
14:01 Watch Tower
16:30 Watch Tower
18:09 Watch Tower
23:00 Watch Tower
27:11 Watch Tower
28:04 Watch Tower
29:47 Watch Tower
29:50 Great Hall
33:05 Great Hall
35:00 Watch Tower
36:16 Watch Tower
38:38 Watch Tower
38:38 Watch Tower
38:39 Watch Tower
38:55 Great Hall
39:05 Watch Tower
39:43 Watch Tower
39:47 Watch Tower
» items
team 2 (winner)
backintheUSSR (
teal | 111 APM | 4925 actions | 44:18)
5 Archmage
3 Blizzard
2 Brilliance Aura
4 Goblin Tinker
2 Cluster Rockets
2 Engineering Upgrade
4 Dark Ranger
2 Silence
2 Life Drain
» actions
| Assign group hotkey | 6 | |
| Basic commands | 23 | |
| Build / train | 173 | |
| ESC pressed | 3 | |
| Enter build submenu | 121 | |
| Enter hero's abilities submenu | 13 | |
| Give item / drop item | 9 | |
| Right click | 2245 | |
| Select / deselect | 426 | |
| Select group hotkey | 1518 | |
| Use ability | 386 | |
4925 total
» units
| Peasant | 25 | |
| Dragonhawk Rider | 2 | |
27 total
» upgrades
| Masonry | 3 | |
| Lumber Harvesting | 2 | |
| Magic Sentry | 1 | |
| Animal War Training | 1 | |
| Armor | 1 | |
8 total
» buildings
| Altar of Kings | 2 | |
| Lumber Mill | 3 | |
| Farm | 5 | |
| Scout Tower | 195 | |
| Guard Tower | 82 | |
| Arcane Tower | 2 | |
| Arcane Vault | 3 | |
| Town Hall | 1 | |
| Keep | 2 | |
| Castle | 2 | |
| Arcane Sanctum | 1 | |
| Gryphon Aviary | 1 | |
| Blacksmith | 1 | |
| Barracks | 1 | |
301 total
» build order
00:15 Altar of Kings
00:17 Lumber Mill
00:25 Farm
01:27 Scout Tower
01:36 Scout Tower
01:43 Farm
01:53 Guard Tower
02:10 Arcane Tower
02:10 Arcane Tower
03:08 Scout Tower
03:09 Scout Tower
03:10 Scout Tower
03:10 Scout Tower
03:18 Arcane Vault
03:38 Guard Tower
04:08 Guard Tower
04:12 Scout Tower
04:13 Scout Tower
04:14 Scout Tower
04:14 Scout Tower
05:15 Town Hall
05:28 Guard Tower
05:31 Farm
06:09 Scout Tower
06:10 Scout Tower
06:11 Scout Tower
06:12 Scout Tower
06:37 Keep
06:57 Scout Tower
06:57 Scout Tower
07:25 Scout Tower
07:26 Scout Tower
07:49 Guard Tower
07:56 Guard Tower
07:57 Guard Tower
07:59 Scout Tower
08:00 Scout Tower
08:06 Guard Tower
08:30 Guard Tower
08:37 Guard Tower
09:21 Guard Tower
10:40 Castle
10:40 Castle
10:47 Scout Tower
10:47 Scout Tower
10:49 Scout Tower
10:49 Scout Tower
11:35 Arcane Sanctum
11:39 Arcane Vault
11:40 Arcane Vault
11:43 Scout Tower
11:47 Scout Tower
11:47 Scout Tower
11:48 Scout Tower
11:50 Scout Tower
11:51 Scout Tower
11:52 Scout Tower
11:54 Guard Tower
11:56 Scout Tower
11:57 Scout Tower
11:58 Scout Tower
12:06 Guard Tower
12:08 Scout Tower
12:09 Scout Tower
12:09 Scout Tower
12:10 Scout Tower
13:59 Guard Tower
14:06 Guard Tower
14:28 Altar of Kings
14:32 Scout Tower
14:32 Scout Tower
14:33 Scout Tower
14:34 Scout Tower
14:44 Scout Tower
14:44 Scout Tower
14:46 Scout Tower
14:46 Scout Tower
14:50 Scout Tower
14:50 Scout Tower
14:51 Scout Tower
14:52 Scout Tower
15:13 Guard Tower
15:17 Scout Tower
15:18 Scout Tower
15:20 Guard Tower
15:41 Guard Tower
16:07 Guard Tower
16:07 Guard Tower
16:11 Scout Tower
16:12 Scout Tower
16:12 Scout Tower
16:14 Scout Tower
16:14 Scout Tower
16:41 Guard Tower
16:42 Guard Tower
16:59 Farm
17:14 Guard Tower
17:16 Scout Tower
17:17 Scout Tower
18:19 Guard Tower
18:20 Scout Tower
18:21 Scout Tower
18:21 Scout Tower
18:22 Scout Tower
18:22 Scout Tower
18:23 Scout Tower
18:23 Scout Tower
18:24 Scout Tower
18:24 Scout Tower
18:48 Guard Tower
19:31 Guard Tower
19:37 Scout Tower
19:37 Scout Tower
19:38 Scout Tower
19:38 Scout Tower
19:39 Scout Tower
19:40 Scout Tower
19:40 Scout Tower
19:41 Scout Tower
19:47 Guard Tower
19:48 Scout Tower
19:49 Scout Tower
19:50 Scout Tower
19:51 Scout Tower
20:35 Guard Tower
20:39 Guard Tower
20:40 Guard Tower
20:41 Scout Tower
20:42 Scout Tower
20:43 Scout Tower
20:44 Scout Tower
20:44 Scout Tower
20:44 Scout Tower
20:46 Guard Tower
21:05 Guard Tower
21:10 Guard Tower
21:42 Guard Tower
21:55 Guard Tower
22:00 Guard Tower
22:02 Scout Tower
22:02 Scout Tower
22:03 Scout Tower
22:04 Scout Tower
22:05 Scout Tower
22:09 Guard Tower
22:13 Scout Tower
22:14 Scout Tower
22:15 Scout Tower
22:15 Scout Tower
22:22 Scout Tower
22:22 Scout Tower
22:23 Scout Tower
22:24 Scout Tower
22:24 Scout Tower
22:25 Scout Tower
22:26 Scout Tower
22:29 Guard Tower
22:29 Guard Tower
23:00 Scout Tower
23:01 Scout Tower
23:01 Scout Tower
23:03 Scout Tower
23:12 Guard Tower
23:14 Scout Tower
23:15 Scout Tower
23:16 Scout Tower
24:10 Guard Tower
24:12 Scout Tower
24:12 Scout Tower
24:13 Scout Tower
24:14 Scout Tower
24:14 Scout Tower
24:15 Scout Tower
24:16 Guard Tower
24:22 Scout Tower
24:23 Scout Tower
24:24 Scout Tower
24:25 Scout Tower
24:43 Guard Tower
24:52 Scout Tower
24:52 Scout Tower
24:53 Scout Tower
24:58 Scout Tower
25:01 Scout Tower
25:02 Scout Tower
25:02 Scout Tower
25:03 Scout Tower
25:04 Scout Tower
25:04 Scout Tower
25:06 Guard Tower
25:08 Guard Tower
25:28 Guard Tower
25:44 Guard Tower
25:47 Guard Tower
25:53 Guard Tower
26:30 Guard Tower
26:31 Scout Tower
26:32 Scout Tower
26:32 Scout Tower
26:33 Scout Tower
27:01 Guard Tower
27:03 Scout Tower
27:04 Scout Tower
27:04 Scout Tower
27:05 Scout Tower
27:05 Scout Tower
27:06 Scout Tower
27:11 Guard Tower
27:12 Scout Tower
27:13 Scout Tower
27:14 Scout Tower
27:15 Scout Tower
27:16 Scout Tower
27:22 Scout Tower
27:23 Scout Tower
27:24 Scout Tower
27:31 Guard Tower
27:31 Guard Tower
28:14 Guard Tower
28:15 Guard Tower
28:15 Guard Tower
28:19 Guard Tower
28:19 Guard Tower
28:22 Guard Tower
28:24 Scout Tower
28:25 Scout Tower
28:26 Scout Tower
28:27 Scout Tower
28:28 Scout Tower
28:29 Scout Tower
28:50 Guard Tower
28:52 Scout Tower
28:52 Scout Tower
28:53 Scout Tower
28:53 Scout Tower
28:56 Scout Tower
28:57 Scout Tower
28:57 Scout Tower
28:58 Scout Tower
28:59 Scout Tower
29:00 Scout Tower
29:01 Guard Tower
29:43 Lumber Mill
29:46 Guard Tower
29:47 Scout Tower
29:49 Scout Tower
29:50 Scout Tower
29:50 Scout Tower
29:52 Scout Tower
30:08 Guard Tower
30:15 Scout Tower
30:16 Scout Tower
30:17 Scout Tower
30:17 Scout Tower
30:18 Scout Tower
30:18 Scout Tower
30:38 Guard Tower
30:41 Guard Tower
31:35 Guard Tower
31:37 Scout Tower
31:37 Scout Tower
31:38 Scout Tower
31:38 Scout Tower
31:39 Scout Tower
31:40 Scout Tower
31:50 Guard Tower
31:51 Scout Tower
31:52 Scout Tower
31:53 Scout Tower
31:53 Scout Tower
31:59 Lumber Mill
32:01 Guard Tower
32:02 Scout Tower
32:03 Scout Tower
32:04 Scout Tower
32:05 Scout Tower
32:05 Scout Tower
32:08 Scout Tower
32:27 Guard Tower
32:29 Scout Tower
32:30 Scout Tower
32:31 Scout Tower
32:31 Scout Tower
33:25 Guard Tower
33:39 Guard Tower
34:06 Guard Tower
34:08 Guard Tower
35:01 Guard Tower
35:04 Guard Tower
35:08 Guard Tower
38:59 Gryphon Aviary
39:01 Blacksmith
39:03 Barracks
42:03 Farm
» items
| Staff of Teleportation | 2 | |
| Boots of Speed | 3 | |
| Healing Salve | 2 | |
| Lesser Clarity Potion | 1 | |
| Orb of Lightning | 3 | |
| Potion of Invisibility | 1 | |
| Staff of Sanctuary | 3 | |
| Legion Doom-Horn | 1 | |
| Pendant of Mana | 1 | |
| Hood of Cunning | 1 | |
| Ring of Regeneration | 1 | |
| Medallion of Courage | 1 | |
| Replenishment Potion | 1 | |
| Amulet of Spell Shield | 1 | |
| Khadgar's Gem of Health | 1 | |
23 total
dogsandhorse.ru (
orange | 105 APM | 4675 actions | 44:21)
7 Blademaster
3 Wind Walk
3 Critical Strike
1 Bladestorm
» actions
| Assign group hotkey | 24 | |
| Basic commands | 7 | |
| Build / train | 102 | |
| Enter build submenu | 90 | |
| Enter hero's abilities submenu | 7 | |
| Give item / drop item | 41 | |
| Right click | 3180 | |
| Select / deselect | 631 | |
| Select group hotkey | 221 | |
| Use ability | 371 | |
4675 total
» units
| Peon | 24 | |
| Troll Batrider | 26 | |
| Troll Witch Doctor | 2 | |
52 total
» upgrades
| Ranged Weapons | 3 | |
| Liquid Fire | 1 | |
| Witch Doctor Training | 2 | |
| Reinforced Defenses | 1 | |
| Armor | 1 | |
8 total
» buildings
| Altar of Storms | 1 | |
| Orc Burrow | 10 | |
| War Mill | 2 | |
| Voodoo Lounge | 6 | |
| Watch Tower | 58 | |
| Stronghold | 5 | |
| Fortress | 1 | |
| Beastiary | 5 | |
| Spirit Lodge | 1 | |
| Great Hall | 2 | |
91 total
» build order
00:08 Altar of Storms
00:20 Orc Burrow
00:37 War Mill
01:33 Voodoo Lounge
01:52 Watch Tower
02:40 Watch Tower
02:51 Stronghold
03:02 Watch Tower
03:41 Voodoo Lounge
04:27 Watch Tower
04:30 Orc Burrow
05:16 Fortress
05:17 Beastiary
05:20 Beastiary
05:30 Watch Tower
05:39 Voodoo Lounge
06:34 Watch Tower
07:08 Orc Burrow
07:21 Watch Tower
07:53 Watch Tower
08:10 Watch Tower
09:18 Watch Tower
09:19 Watch Tower
09:30 Orc Burrow
09:35 Watch Tower
10:35 Watch Tower
10:37 Watch Tower
10:48 Watch Tower
11:31 Spirit Lodge
11:43 Watch Tower
11:43 Watch Tower
12:05 Watch Tower
12:58 Watch Tower
13:01 Watch Tower
13:10 Watch Tower
14:04 Watch Tower
14:04 Watch Tower
14:32 Watch Tower
14:33 Watch Tower
14:36 Watch Tower
14:38 Watch Tower
15:15 Watch Tower
15:16 Watch Tower
16:45 Watch Tower
16:45 Watch Tower
16:46 Watch Tower
16:54 Voodoo Lounge
18:10 Watch Tower
18:10 Watch Tower
18:11 Watch Tower
18:16 Great Hall
18:39 Watch Tower
19:02 Voodoo Lounge
19:15 Watch Tower
19:16 Watch Tower
19:17 Watch Tower
20:08 Voodoo Lounge
20:24 Watch Tower
20:25 Watch Tower
20:26 Watch Tower
20:33 Watch Tower
22:54 Watch Tower
23:10 Watch Tower
23:11 Watch Tower
24:05 Watch Tower
24:06 Watch Tower
24:07 Watch Tower
24:08 Watch Tower
24:09 Watch Tower
24:10 Watch Tower
24:11 Watch Tower
24:17 Watch Tower
24:19 Watch Tower
24:20 Watch Tower
25:28 Watch Tower
26:53 Beastiary
32:44 Beastiary
32:45 Beastiary
33:53 War Mill
34:55 Great Hall
35:30 Orc Burrow
35:31 Orc Burrow
35:32 Orc Burrow
39:04 Orc Burrow
39:07 Stronghold
39:07 Stronghold
39:07 Stronghold
40:12 Orc Burrow
42:16 Orc Burrow
43:50 Watch Tower
» items
| Healing Salve | 10 | |
| Boots of Speed | 1 | |
| Staff of Teleportation | 1 | |
| Lesser Clarity Potion | 6 | |
| Orb of Lightning | 1 | |
| Pendant of Energy | 1 | |
| Helm of Valor | 3 | |
| Amulet of Spell Shield | 1 | |
| Claws of Attack +12 | 2 | |
26 total
Towers4Algernon (
red | 124 APM | 5501 actions | 44:18)
6 Archmage
3 Summon Water Elemental
2 Brilliance Aura
1 Mass Teleport
5 Mountain King
3 Storm Bolt
2 Bash
3 Paladin
2 Holy Light
1 Divine Shield
» actions
| Assign group hotkey | 431 | |
| Basic commands | 119 | |
| Build / train | 266 | |
| ESC pressed | 3 | |
| Enter build submenu | 150 | |
| Enter hero's abilities submenu | 14 | |
| Give item / drop item | 10 | |
| Remove unit from queue | 2 | |
| Right click | 1987 | |
| Select / deselect | 1498 | |
| Select group hotkey | 600 | |
| Use ability | 415 | |
5501 total
» units
| Peasant | 36 | |
| Goblin Zeppelin | 1 | |
37 total
» upgrades
| Masonry | 3 | |
| Lumber Harvesting | 2 | |
| Magic Sentry | 1 | |
6 total
» buildings
| Altar of Kings | 1 | |
| Farm | 8 | |
| Lumber Mill | 1 | |
| Scout Tower | 166 | |
| Guard Tower | 176 | |
| Town Hall | 1 | |
| Arcane Tower | 2 | |
| Keep | 2 | |
| Castle | 1 | |
| Arcane Sanctum | 1 | |
| Arcane Vault | 3 | |
362 total
» build order
00:06 Altar of Kings
00:33 Farm
00:50 Lumber Mill
01:25 Farm
01:58 Scout Tower
02:44 Guard Tower
02:44 Guard Tower
03:30 Scout Tower
03:58 Town Hall
04:13 Arcane Tower
04:15 Scout Tower
04:26 Farm
04:34 Scout Tower
04:57 Guard Tower
05:03 Guard Tower
05:04 Guard Tower
05:05 Scout Tower
05:55 Keep
06:05 Guard Tower
06:35 Scout Tower
06:35 Scout Tower
06:36 Scout Tower
07:21 Guard Tower
07:21 Guard Tower
07:24 Scout Tower
07:25 Scout Tower
07:25 Scout Tower
07:28 Scout Tower
07:30 Scout Tower
07:31 Scout Tower
07:32 Scout Tower
07:59 Guard Tower
08:00 Guard Tower
08:00 Guard Tower
08:05 Scout Tower
08:06 Scout Tower
08:07 Scout Tower
08:20 Farm
08:22 Farm
08:23 Farm
08:37 Guard Tower
08:37 Guard Tower
08:37 Guard Tower
08:43 Scout Tower
08:44 Scout Tower
09:11 Guard Tower
09:11 Guard Tower
09:13 Scout Tower
09:14 Scout Tower
09:26 Scout Tower
09:31 Castle
10:35 Guard Tower
10:37 Guard Tower
10:37 Guard Tower
10:39 Guard Tower
10:39 Guard Tower
10:39 Guard Tower
10:40 Scout Tower
10:40 Scout Tower
10:41 Scout Tower
10:45 Scout Tower
10:46 Scout Tower
10:46 Scout Tower
10:58 Scout Tower
10:58 Scout Tower
10:59 Scout Tower
11:22 Farm
11:34 Guard Tower
11:34 Guard Tower
11:35 Scout Tower
11:35 Scout Tower
11:35 Scout Tower
11:38 Guard Tower
11:38 Guard Tower
11:39 Scout Tower
11:42 Scout Tower
11:42 Scout Tower
12:08 Guard Tower
12:08 Guard Tower
12:11 Guard Tower
12:11 Guard Tower
12:14 Scout Tower
12:15 Scout Tower
12:15 Scout Tower
12:15 Guard Tower
12:16 Guard Tower
12:29 Scout Tower
12:52 Guard Tower
12:53 Guard Tower
12:53 Guard Tower
12:55 Scout Tower
12:56 Scout Tower
12:57 Scout Tower
12:58 Scout Tower
12:59 Scout Tower
12:59 Guard Tower
13:00 Guard Tower
13:02 Guard Tower
13:02 Guard Tower
13:02 Guard Tower
13:05 Arcane Sanctum
13:20 Scout Tower
13:20 Scout Tower
13:55 Guard Tower
13:55 Guard Tower
13:55 Guard Tower
13:56 Guard Tower
13:56 Guard Tower
13:57 Guard Tower
13:57 Guard Tower
14:00 Scout Tower
14:02 Scout Tower
14:02 Scout Tower
14:03 Scout Tower
14:04 Scout Tower
14:30 Scout Tower
14:30 Scout Tower
14:39 Guard Tower
14:39 Guard Tower
14:39 Guard Tower
14:44 Scout Tower
14:44 Scout Tower
14:45 Scout Tower
14:46 Scout Tower
15:03 Guard Tower
15:03 Guard Tower
15:06 Scout Tower
15:09 Scout Tower
15:11 Guard Tower
15:11 Guard Tower
15:12 Guard Tower
15:13 Guard Tower
15:13 Guard Tower
15:13 Scout Tower
15:14 Scout Tower
15:14 Scout Tower
15:25 Guard Tower
15:28 Scout Tower
15:28 Scout Tower
15:46 Guard Tower
15:46 Guard Tower
16:02 Guard Tower
16:03 Guard Tower
16:03 Guard Tower
16:05 Scout Tower
16:08 Scout Tower
16:40 Guard Tower
16:40 Guard Tower
16:50 Scout Tower
16:50 Scout Tower
16:51 Scout Tower
16:52 Scout Tower
16:53 Scout Tower
16:53 Scout Tower
16:54 Scout Tower
16:56 Guard Tower
16:56 Guard Tower
17:18 Scout Tower
17:21 Scout Tower
17:23 Scout Tower
17:25 Guard Tower
17:25 Guard Tower
17:25 Guard Tower
17:26 Guard Tower
17:26 Guard Tower
17:27 Guard Tower
18:17 Guard Tower
18:24 Guard Tower
18:24 Guard Tower
18:25 Scout Tower
18:41 Guard Tower
18:42 Scout Tower
18:49 Guard Tower
18:49 Guard Tower
19:15 Guard Tower
19:15 Guard Tower
19:16 Guard Tower
19:16 Guard Tower
19:23 Scout Tower
19:23 Scout Tower
19:24 Scout Tower
19:25 Scout Tower
19:25 Scout Tower
19:26 Scout Tower
19:53 Guard Tower
19:53 Guard Tower
19:55 Scout Tower
20:09 Guard Tower
20:09 Guard Tower
20:11 Scout Tower
20:11 Scout Tower
20:12 Scout Tower
20:13 Scout Tower
20:25 Guard Tower
20:28 Guard Tower
20:28 Guard Tower
20:29 Scout Tower
20:30 Scout Tower
20:54 Guard Tower
20:54 Guard Tower
20:54 Guard Tower
21:23 Guard Tower
22:04 Scout Tower
22:53 Scout Tower
22:53 Scout Tower
22:59 Guard Tower
23:02 Scout Tower
23:02 Scout Tower
23:03 Scout Tower
23:03 Scout Tower
23:03 Scout Tower
23:27 Guard Tower
23:28 Scout Tower
23:29 Scout Tower
24:04 Guard Tower
24:04 Guard Tower
24:05 Guard Tower
24:09 Arcane Vault
24:09 Arcane Vault
24:12 Arcane Vault
24:20 Scout Tower
24:21 Scout Tower
25:06 Guard Tower
25:06 Guard Tower
25:09 Scout Tower
25:11 Scout Tower
25:12 Scout Tower
25:12 Scout Tower
25:13 Scout Tower
25:14 Scout Tower
26:47 Scout Tower
26:47 Scout Tower
26:48 Scout Tower
26:56 Scout Tower
26:57 Scout Tower
26:57 Scout Tower
26:58 Scout Tower
27:23 Guard Tower
27:23 Guard Tower
27:23 Guard Tower
27:25 Scout Tower
27:26 Scout Tower
27:28 Scout Tower
27:45 Guard Tower
27:45 Guard Tower
27:49 Guard Tower
28:08 Guard Tower
28:08 Guard Tower
28:13 Scout Tower
28:14 Scout Tower
28:15 Scout Tower
28:15 Scout Tower
28:18 Scout Tower
28:19 Scout Tower
28:19 Scout Tower
28:19 Scout Tower
28:20 Scout Tower
28:21 Scout Tower
28:21 Scout Tower
28:53 Guard Tower
28:55 Guard Tower
28:57 Guard Tower
28:57 Guard Tower
28:57 Guard Tower
28:58 Guard Tower
28:58 Guard Tower
29:01 Scout Tower
29:30 Guard Tower
29:35 Scout Tower
29:35 Scout Tower
29:35 Scout Tower
29:36 Scout Tower
29:36 Scout Tower
29:36 Scout Tower
29:45 Scout Tower
29:47 Scout Tower
29:47 Scout Tower
29:48 Scout Tower
29:48 Scout Tower
29:49 Scout Tower
29:50 Scout Tower
29:52 Scout Tower
29:52 Scout Tower
29:52 Scout Tower
29:52 Scout Tower
29:53 Scout Tower
30:12 Guard Tower
30:12 Guard Tower
30:46 Guard Tower
31:05 Scout Tower
31:05 Scout Tower
31:06 Scout Tower
31:06 Scout Tower
31:06 Scout Tower
31:35 Scout Tower
31:35 Scout Tower
31:36 Scout Tower
31:39 Guard Tower
31:39 Guard Tower
31:39 Guard Tower
31:53 Guard Tower
31:53 Guard Tower
32:12 Guard Tower
32:12 Guard Tower
32:43 Guard Tower
32:44 Guard Tower
35:23 Guard Tower
» items
| Orb of Lightning | 1 | |
| Gauntlets of Ogre Strength +3 | 1 | |
| Amulet of Spell Shield | 1 | |
| Healing Salve | 3 | |
| Scroll of Town Portal | 1 | |
| Staff of Silence | 1 | |
| Potion of Invulnerability | 1 | |
| Staff of Sanctuary | 1 | |
10 total
Chat log
(20:59 / All) dogsandhorse.ru: hey
(21:00 / All) dogsandhorse.ru: from?
(43:07 / All) dogsandhorse.ru: lol
(43:55 / All) dogsandhorse.ru: http://highper.ch/
(44:12 / All) dogsandhorse.ru: bow